 Dungeon Crawl Stone Soup version 0.32-a0-132-g2d33c3cfaf (webtiles) character file.

Game seed: 15093701159625784510

87 sanka the Apothecary (level 4, -1/30 HPs)
             Began as a Merfolk Alchemist on Feb 9, 2024.
             Slain by a bullfrog (6 damage)
             ... on level 6 of the Dungeon.
             The game lasted 00:03:58 (2541 turns).

sanka the Apothecary (Merfolk Alchemist)            Turns: 2541, Time: 00:03:59

Health: -1/30      AC:  2    Str:  8    XL:     4   Next: 51%
Magic:  0/7        EV: 12    Int: 16    God:
Gold:   134        SH:  0    Dex: 14    Spells: 2/7 levels left

rFire   . . .        (no weapon)
rCold   . . .        (no shield)
rNeg    . . .        a - +0 robe
rPois   .            (no helmet)
rElec   .            (no cloak)
rCorr   .            (no gloves)
SInv    .            (no boots)
Will    .....        (no amulet)
Stlth   ++           (no ring)
HPRegen 0.25/turn    (no ring)
MPRegen 0.10/turn

%: no passive effects
@: no status effects
A: (nimble swimmer 2), mertail
a: no special abilities


You were on level 6 of the Dungeon.
You visited 1 branch of the dungeon, and saw 4 of its levels.

You collected 134 gold pieces.


Innate Abilities, Weirdness & Mutations

((You are very nimble when in or above water. (Stealth+, EV+, Speed+++)))
Your lower body shifts to a powerful aquatic tail in water.


   Skills:
 - Level 2.6 Dodging
 - Level 2.1 Stealth
 - Level 2.0 Spellcasting
 - Level 1.0 Conjurations
 + Level 6.7 Alchemy


You had 2 spell levels left.
You knew the following spells:

 Your Spells              Type           Power      Damage    Failure   Level
z - Sting                 Conj/Alch      56%        1d6       4%          1
X - Olgreb's Toxic Radia  Alch           23%        N/A       13%         4

Your spell library contained the following spells:

 Spells                   Type           Power      Damage    Failure   Level
 Mercury Vapours          Alch/Air       24%        N/A       8%          2
 Kiss of Death            Conj/Necr      12%        2d6       17%         1
 Mephitic Cloud           Conj/Alch/Air  9%         N/A       22%         3
 Hailstorm                Conj/Ice       3%         3d5       45%         3
 Sticky Flame             Fire/Alch      12%        2d5       45%         4
 Confusing Touch          Hex            1%         N/A       52%         3
 Summon Ice Beast         Ice/Summ       1%         N/A       52%         3
 Dispel Undead            Necr           1%         3d6       90%         4
 Sculpt Simulacrum        Ice/Alch       6%         N/A       100%        6

Inventory:

Armour
 a - a +0 robe (worn)
Scrolls
 c - a scroll of enchant armour {unknown}
 e - 2 scrolls of fog {unknown}
 g - a scroll of acquirement {unknown}
 i - a scroll of immolation {unknown}
 k - a scroll of teleportation {unknown}
 l - 2 scrolls of fear {unknown}
 p - a scroll of brand weapon {unknown}
Potions
 b - a potion of magic
 d - 2 potions of curing {unknown}
 f - a potion of lignification {unknown}
 h - a potion of resistance {unknown}
 j - a potion of degeneration {unknown}
 m - 2 potions of heal wounds {unknown}
 n - a potion of haste {unknown}
 o - a potion of berserk rage {unknown}

Dungeon Overview and Level Annotations

Branches:
Dungeon (3/15)

Altars:

Shops:
D:1

? ▒▒▒▒▒▒▒▒
▒▒......▒▒▒
▒▒###.▒▒...▒
▒≈#...▒▒...▒
▒▒##.#▒▒▒...▒▒▒▒▒▒..
▒≈≈≈≈#▒▒▒...mFs.....
▒≈##.≈≈▒▒▒▒▒▒▒▒▒▒▒▒.
▒▒≈.≈##▒ ▒▒≈#≈▒▒
▒▒#▒▒ ▒+▒


You could see a bullfrog (extremely poisoned) and a scorpion.


Message History

A bullfrog comes into view.
The bullfrog gives a loud, deep croak!
The sting misses the bullfrog.
The sting misses the bullfrog.
A scorpion comes into view.
The sting misses the bullfrog.
The bullfrog hits you! The bullfrog misses you.
The sting hits the bullfrog.
The bullfrog is poisoned.
The bullfrog is moderately wounded.
The bullfrog hits you!
* * * LOW HITPOINT WARNING * * *
The sting hits the bullfrog.
The bullfrog looks even sicker.
The bullfrog is heavily wounded.
The bullfrog hits you.
* * * LOW HITPOINT WARNING * * *
The bullfrog hits you!
* * * LOW HITPOINT WARNING * * *
The sting hits the bullfrog.
The bullfrog looks even sicker.
The bullfrog is heavily wounded.
The bullfrog closely misses you.
The sting hits the bullfrog.
The bullfrog looks as sick as possible!
The bullfrog is severely wounded.
The bullfrog misses you. The bullfrog hits you.
You die...

Action                     |  1- 3 |  4- 6 || total
---------------------------+-------+-------++-------
  Melee: Unarmed           |    38 |    10 ||    48
   Cast: Sting             |    78 |    38 ||   116
 Armour: Robe              |    40 |    10 ||    50
  Dodge: Dodged            |    51 |    23 ||    74

Levels and vault maps discovered:
D:1:      saegor_arrival_simple_b, layout_basic, serial_shops, shop,
          minmay_octomino_c4
D:2:      minmay_evil_eye, layout_loops_cross, nicolae_underground_beach
D:3:      layout_rooms, grunt_temple_overflow_opulence
D:6:      layout_basic, mainiacjoe_overflow_boulevard,
          minmay_temple_entry_fiery, uniq_edmund

Notes
Turn   | Place    | Note
-------+----------+-------------------------------------------
     0 | D:1      | sanka the Merfolk Alchemist began the quest for the Orb.
     0 | D:1      | Reached XP level 1. HP: 13/13 MP: 3/3
    27 | D:1      | Reached skill level 1 in Conjurations
   133 | D:1      | Reached XP level 2. HP: 12/19 MP: 0/5
   393 | D:1      | Found Veycvah's Magic Scroll Emporium.
   429 | D:1      | Reached skill level 5 in Alchemy
   684 | D:1      | Reached XP level 3. HP: 17/24 MP: 0/6
  1537 | D:2      | Reached skill level 6 in Alchemy
  1719 | D:2      | Reached XP level 4. HP: 30/30 MP: 3/7
  2503 | D:2      | Learned a level 4 spell: Olgreb's Toxic Radiance
  2533 | D:6      | Noticed a bullfrog
  2536 | D:6      | Noticed a scorpion
  2541 | D:6      | Slain by a bullfrog

Vanquished Creatures
  An adder (D:2)
  4 dart slugs
  3 ribbon worms (D:2)
  8 bats
  9 endoplasms
  3 giant cockroaches
  3 goblins
  8 hobgoblins
  5 jackals
  A kobold (D:1)
  2 quokkas
  4 ball pythons (D:1)
  4 frilled lizards
  2 rats
57 creatures vanquished.
